 Dungeon Crawl Stone Soup version 0.31-a0-825-gf28bc0971e (webtiles) character file.

Game seed: 17036683954870253383

43591 qw the Marksgargoyle (level 14, -1/91 HPs)
             Began as a Gargoyle Hunter on Sept 23, 2023.
             Was an Elder of Okawaru.
             Slain by a death yak simulacrum (15 damage)
             ... on level 5 of the Lair of Beasts.
             The game lasted 00:07:54 (13150 turns).

qw the Marksgargoyle (Gargoyle Hunter)             Turns: 13150, Time: 00:07:54

Health: -1/91      AC: 29    Str: 18    XL:     14   Next: 24%
Magic:  19/21      EV: 19    Int: 17    God:    Okawaru [****..]
Gold:   846        SH:  0    Dex: 23    Spells: 13/13 levels left

rFire   . . .        c - +2 arbalest (freeze)
rCold   . . .        (shield currently unavailable)
rNeg    + . .        v - +0 ring mail
rPois   inf          w - +1 helmet
rElec   +            l - +0 cloak
rCorr   .            u - +2 pair of gloves
SInv    .            a - +2 pair of boots of Hubris {-Cast rElec rPois Will+}
Will    +++..        f - amulet of regeneration
Stlth   +++          m - +6 ring of dexterity
HPRegen 1.15/turn    k - ring "Bady" {Will+ Str+3 Int+6}
MPRegen 0.17/turn

%: no spellcasting
@: about to teleport, heroic, flying
A: sickness immunity, AC +10, big wings, negative energy resistance 1,
electricity resistance, torment resistance 1, petrification resistance
a: Renounce Religion, Heroism, Finesse


You were on level 5 of the Lair of Beasts.
You worshipped Okawaru.
Okawaru was greatly pleased with you.
You visited 2 branches of the dungeon, and saw 15 of its levels.

You collected 1110 gold pieces.
You spent 264 gold pieces at shops.


Innate Abilities, Weirdness & Mutations

You are immune to sickness and miasma.
Your stone body is resilient. (AC +10)
You are immune to poison.
Your large and strong wings let you fly.
You resist negative energy. (rN+)
You are resistant to electric shocks. (rElec)
You are resistant to unholy torment.
You are immune to petrification.


   Skills:
 - Level 11.6(16.6) Fighting
 - Level 18.0(23.0) Ranged Weapons
 - Level 7.0(12.0) Armour
 + Level 6.2(11.2) Dodging
 - Level 1.1(6.1) Stealth
 - Level 10.0 Invocations


You had 13 spell levels left.
You didn't know any spells.
Your spell library was empty.

Inventory:

Hand Weapons
 c - a +2 arbalest of freezing (weapon)
Armour
 a - the +2 pair of boots of Hubris (worn) {-Cast rElec rPois Will+}
   (You acquired it on level 2 of the Lair of Beasts)

   rElec:     It insulates you from electricity.
   rPois:     It protects you from poison Will+: It increases your willpower.
   -Cast:     It prevents spellcasting.
 l - a +0 cloak (worn)
 s - the +0 pair of gloves of Tivaom {rF- rN+ Will++}
   (You found it on level 5 of the Lair of Beasts)

   rF-:       It makes you vulnerable to fire.
   rN+:       It protects you from negative energy.
   Will++:    It greatly increases your willpower.
 t - a +1 ring mail of cold resistance
 u - a +2 pair of gloves (worn)
 v - a +0 ring mail (worn)
 w - a +1 helmet (worn)
Jewellery
 f - an amulet of regeneration (around neck)
 k - the ring "Bady" (right hand) {Will+ Str+3 Int+6}
   (You found it on level 5 of the Lair of Beasts)

   [ring of willpower]

   Str+3:     It affects your strength (+3).
   Int+6:     It affects your intelligence (+6).
   Will+:     It increases your willpower.
 m - a +6 ring of dexterity (left hand)
 Y - a ring of protection from cold
Wands
 j - a wand of digging (4)
Scrolls
 e - 9 scrolls of teleportation
 q - 5 scrolls of identify
Potions
 b - 2 potions of magic
 g - a potion of haste
 h - 4 potions of curing
 i - a potion of mutation
 n - 3 potions of heal wounds
 o - 2 potions of might
 p - 2 potions of enlightenment
 r - 4 potions of cancellation

Dungeon Overview and Level Annotations

Branches:
Dungeon (10/15)            Temple (0/1) D:6            Lair (5/5) D:10
 Shoals (0/4) Lair:2       Spider (0/4) Lair:3        Slime (0/5) Lair:4
    Orc: D:9-12

Altars:
Hepliaklqana
Kikubaaqudgha
Okawaru
Qazlal
Ru
Trog
Vehumet
Jiyva

Shops:
D:4 *   D:7 (


Message History

You reach down and open the large door.
A death yak simulacrum, a spectral cane toad, an elephant skeleton and a cane toad simulacrum come into view.
You shoot a bolt. The bolt hits the spectral cane toad.
The spectral cane toad is lightly damaged.
You shoot a bolt. The bolt hits the spectral cane toad!!
The bolt freezes the spectral cane toad.
The spectral cane toad is severely damaged.
You shoot a bolt. The bolt hits the spectral cane toad!!
The bolt freezes the spectral cane toad.
You destroy the spectral cane toad!
Okawaru accepts your kill.
The death yak simulacrum gores you but does no damage.
You shoot a bolt. The bolt hits the death yak simulacrum!
The death yak simulacrum is moderately damaged.
The death yak simulacrum gores you but does no damage.
You shoot a bolt. The bolt hits the death yak simulacrum!
The death yak simulacrum is severely damaged.
The elephant skeleton misses you.
The death yak simulacrum gores you but does no damage.
You shoot a bolt. The bolt hits the death yak simulacrum.
The death yak simulacrum is severely damaged.
The elephant skeleton closely misses you.
You shoot a bolt. The bolt hits the death yak simulacrum!
The death yak simulacrum is almost destroyed.
The death yak simulacrum gores you. The death yak simulacrum freezes you!!!
The elephant skeleton tramples you but does no damage.
13148 ||| INVOKING Heroism.
You gain the combat prowess of a mighty hero.
The death yak simulacrum gores you! The death yak simulacrum freezes you!
The elephant skeleton completely misses you.
13149 ||| READING 10 scrolls of teleportation.
As you read the scroll of teleportation, it crumbles to dust.
You feel strangely unstable.
The death yak simulacrum closely misses you.
You shoot a bolt.
The bolt hits the death yak simulacrum but does no damage.
The death yak simulacrum is almost destroyed.
The elephant skeleton completely misses you.
The death yak simulacrum gores you! The death yak simulacrum freezes you!
You die...

#P....#.# ......#.##
.P....#.P#
...##.##.####+
.P.#..7#..P#8.
###....###.#...
#.#.....##.##..###
........##.P#..Z.##
....#...7##.#.ZZ@.##
.#.#.#.P7 #.#####..##
.##..#.7# #....'..!.#
##(.#.P######..'....#
###...7#...)..8#....#
#....##...#####...##
##...##...# ##=..#
##..##.[.# ##.P##
#.?##...# 7...7


You could see a death yak simulacrum, a cane toad simulacrum and an elephant
skeleton.

Vanquished Creatures
  Gastronok (Lair:1)
  A centaur warrior (D:9)
  A boulder beetle (Lair:4)
  A catoblepas (Lair:1)
  6 two-headed ogres
  A spectral death yak (Lair:5)
  2 skysharks
  A necromancer (Lair:5)
  An oklob plant (Lair:3)
  A cyclops (D:9)
  A manticore (D:9)
  4 black mambas
  A merfolk siren (Lair:2)
  9 elephants
  2 torpor snails
  4 cane toads
  4 rime drakes
  7 komodo dragons
  A tengu conjurer (D:9)
  A troll (D:10)
  3 hornets
  2 polar bears
  19 blink frogs
  4 dream sheep (Lair:1)
  3 wyverns
  67 yaks
  A wraith (D:8)
  2 steam dragons
  A basilisk (Lair:5)
  Grum (D:10)
  A death yak simulacrum (Lair:5)
  Menkaure (D:5)
  15 water moccasins
  A spectral cane toad (Lair:5)
  4 sky beasts
  2 black bears
  2 ogres
  3 orc warriors
  19 wolves
  4 centaurs
  An elephant skeleton (Lair:5)
  3 kobold brigands
  4 phantoms
  13 bullfrogs
  A gnoll sergeant (D:9)
  4 scorpions
  12 wights
  6 killer bees (D:9)
  5 howler monkeys
  4 hounds
  A sleepcap (D:7)
  5 jellies
  4 orc priests
  A gnoll bouda (D:7)
  5 iguanas
  16 orc wizards
  8 gnolls
  11 adders
  A shadow imp (D:8)
  3 white imps
  3 worms
  6 dart slugs
  22 orcs
  7 ball pythons
  9 endoplasms
  4 giant cockroaches
  8 goblins
  9 hobgoblins
  9 jackals
  3 quokkas
  11 bats
  4 frilled lizards
  29 kobolds
  5 rats
442 creatures vanquished.

Vanquished Creatures (others)
  A shadow wraith (D:9)
  A butterfly (Lair:1)
2 creatures vanquished.

Grand Total: 444 creatures vanquished

Notes
Turn   | Place    | Note
-------+----------+-------------------------------------------
     0 | D:1      | qw the Gargoyle Hunter began the quest for the Orb.
     0 | D:1      | Reached XP level 1. HP: 12/12 MP: 1/1
     0 | D:1      | 0 ||| qw: Version: 0.3-a-83-gcd0e7d8
     0 | D:1      | 0 ||| qw: Game counter: 1819
     0 | D:1      | 0 ||| qw: Melee chars always use a shield: true
     0 | D:1      | 0 ||| qw: God list: Okawaru
     0 | D:1      | 0 ||| qw: Allow faded altars: false
     0 | D:1      | 0 ||| qw: Do Orc after clearing Dungeon:15 true
     0 | D:1      | 0 ||| qw: Do second Lair branch before Depths: true
     0 | D:1      | 0 ||| qw: Lair rune preference: random
     0 | D:1      | 0 ||| qw: Goals: Normal
     0 | D:1      | 0 ||| PLANNING D:1-11
    40 | D:1      | Found a faded altar of an unknown god.
   217 | D:1      | Reached XP level 2. HP: 17/17 MP: 2/2
   579 | D:1      | Reached XP level 3. HP: 21/21 MP: 3/3
   706 | D:1      | 706 ||| UPGRADING to amulet of regeneration.
   711 | D:1      | 711 ||| READING scroll labelled XAWEDO WOTROTS.
   712 | D:1      | 712 ||| READING 3 scrolls labelled ROEDWY VOPOIL.
   715 | D:1      | 715 ||| READING scroll labelled SAW ARUNALEZA.
   716 | D:1      | 716 ||| DRINKING 2 black potions.
   717 | D:1      | 717 ||| DROPPING scroll of butterflies.
   777 | D:2      | Reached skill level 5 in Ranged Weapons
  1028 | D:2      | Reached skill level 3 in Fighting
  1129 | D:2      | Reached XP level 4. HP: 28/28 MP: 4/4
  1636 | D:2      | 1636 ||| UPGRADING to +0 cloak.
  1641 | D:2      | 1641 ||| UPGRADING to +6 ring of dexterity.
  1642 | D:2      | 1642 ||| READING scroll labelled MYIV MUSTICET.
  1643 | D:2      | 1643 ||| READING scroll labelled UDWAUL UPPAHE.
  1644 | D:2      | 1644 ||| READING scroll labelled SOROS BADOSU.
  1645 | D:2      | 1645 ||| READING scroll labelled PEKKIA SYSKEDDIT.
  2093 | D:3      | 2093 ||| FLEEEEING.
  2105 | D:3      | Found an iron altar of Okawaru.
  2106 | D:3      | 2106 ||| PLANNING OKAWARU WORSHIP
  2106 | D:3      | 2106 ||| UPGRADING to +0 pair of gloves.
  2111 | D:3      | 2111 ||| UPGRADING to +0 pair of boots.
  2116 | D:3      | 2116 ||| READING scroll labelled EVVURCHA QUFROL.
  2117 | D:3      | 2117 ||| DRINKING 2 fuming white potions.
  2222 | D:3      | 2222 ||| DROPPING potion of berserk rage.
  2230 | D:3      | Became a worshipper of Warmaster Okawaru
  2231 | D:3      | 2231 ||| PLANNING D:1-11
  2639 | D:4      | 2639 ||| FLEEEEING.
  2640 | D:4      | 2640 ||| STAIRDANCE
  2650 | D:4      | Noticed a scorpion
  2651 | D:4      | 2651 ||| STAIRDANCE
  2660 | D:3      | Killed a scorpion
  2661 | D:3      | Reached XP level 5. HP: 28/32 MP: 5/5
  2668 | D:4      | 2668 ||| STAIRDANCE
  2676 | D:4      | 2676 ||| STAIRDANCE
  2681 | D:4      | 2681 ||| STAIRDANCE
  2696 | D:4      | 2696 ||| STAIRDANCE
  2762 | D:4      | Reached skill level 6 in Ranged Weapons
  2801 | D:4      | Noticed a phantom
  2847 | D:4      | Reached XP level 6. HP: 37/37 MP: 6/6
  2899 | D:4      | Reached * piety under Okawaru
  3035 | D:4      | 3035 ||| INVOKING Heroism.
  3041 | D:4      | Reached skill level 1 in Invocations
  3041 | D:4      | Reached XP level 7. HP: 43/43 MP: 4/8
  3160 | D:4      | Found Boacyasi's Assorted Antiques.
  3185 | D:4      | 3185 ||| BUYING encrusted ivory wand (132 gold).
  3185 | D:4      | Bought an encrusted ivory wand for 132 gold pieces
  3185 | D:4      | 3185 ||| BUYING potion of curing (99 gold).
  3185 | D:4      | Bought a potion of curing for 99 gold pieces
  3185 | D:4      | 3185 ||| SHOPLISTING potion of curing (99 gold, have 62).
  3185 | D:4      | 3185 ||| BUYING scroll labelled JIXUPH EVVYRR (33 gold).
  3185 | D:4      | Bought a scroll labelled JIXUPH EVVYRR for 33 gold pieces
  3185 | D:4      | 3185 ||| SHOPLISTING scroll of identify (66 gold, have 29).
  3185 | D:4      | 3185 ||| SHOPLISTING shiny peridot ring (165 gold, have
                  | 29).
  3453 | D:4      | Found a bloodstained altar of Trog.
  3707 | D:4      | 3707 ||| UPGRADING to +1 pair of gloves.
  3717 | D:4      | 3717 ||| DROPPING +0 pair of gloves.
  3718 | D:4      | 3718 ||| UPGRADING to ring of willpower.
  3719 | D:4      | 3719 ||| READING scroll labelled JIXUPH EVVYRR.
  3720 | D:4      | 3720 ||| READING scroll labelled HAKIW ODGHOIPE.
  3721 | D:4      | 3721 ||| DRINKING 2 bubbling ruby potions.
  3722 | D:4      | 3722 ||| DROPPING wand of iceblast (7).
  3736 | D:5      | Entered Level 5 of the Dungeon
  3777 | D:5      | Reached skill level 3 in Invocations
  3927 | D:5      | 3927 ||| INVOKING Heroism.
  3973 | D:5      | 3973 ||| INVOKING Heroism.
  3976 | D:5      | Reached skill level 7 in Ranged Weapons
  3999 | D:5      | 3999 ||| INVOKING Heroism.
  4086 | D:5      | Reached XP level 8. HP: 48/48 MP: 11/11
  4192 | D:5      | 4192 ||| INVOKING Heroism.
  4196 | D:5      | Noticed Menkaure
  4197 | D:5      | 4197 ||| RETREEAATING.
  4209 | D:5      | Killed Menkaure
  4210 | D:5      | Reached skill level 8 in Ranged Weapons
  4228 | D:5      | 4228 ||| READING 3 scrolls labelled YCYCUR OJERGHY.
  4229 | D:5      | 4229 ||| DRINKING 2 fuming dark potions.
  4230 | D:5      | 4230 ||| DROPPING potion of brilliance.
  4231 | D:5      | 4231 ||| DROPPING 2 scrolls of fog.
  4279 | D:6      | Identified the +4 dagger "Qumiutaidgh" {heavy, rPois}
  4289 | D:6      | Reached ** piety under Okawaru
  4463 | D:6      | Reached skill level 9 in Ranged Weapons
  4480 | D:6      | 4480 ||| FLEEEEING.
  4482 | D:6      | 4482 ||| FLEEEEING.
  4483 | D:6      | 4483 ||| FLEEEEING.
  4510 | D:6      | 4510 ||| READING scroll of enchant armour.
  4510 | D:6      | 4510 ||| ENCHANTING +1 pair of gloves.
  4525 | D:6      | 4525 ||| INVOKING Heroism.
  4528 | D:6      | Reached skill level 3 in Dodging
  4528 | D:6      | Reached XP level 9. HP: 23/54 MP: 9/12
  4662 | D:6      | Found a staircase to the Ecumenical Temple.
  4809 | D:6      | Reached skill level 6 in Fighting
  5025 | D:6      | 5025 ||| READING 2 scrolls of identify.
  5025 | D:6      | 5025 ||| IDENTIFYING cyan potion
  5026 | D:6      | 5026 ||| DROPPING potion of attraction.
  5176 | D:7      | 5176 ||| INVOKING Heroism.
  5177 | D:7      | 5177 ||| RETREEAATING.
  5203 | D:7      | 5203 ||| INVOKING Heroism.
  5206 | D:7      | Reached skill level 10 in Ranged Weapons
  5235 | D:7      | 5235 ||| SWAPPING to +0 orcbow.
  5242 | D:7      | 5242 ||| DROPPING +0 shortbow.
  5254 | D:7      | 5254 ||| INVOKING Heroism.
  5282 | D:7      | 5282 ||| INVOKING Heroism.
  5380 | D:7      | Reached *** piety under Okawaru
  5395 | D:7      | Found Lifeug's Weapon Shop.
  5404 | D:7      | 5404 ||| SHOPLISTING +6 orcbow (426 gold, have 183).
  5408 | D:7      | 5408 ||| RETREEAATING.
  5412 | D:7      | 5412 ||| STILL RETREEAATING.
  5428 | D:7      | 5428 ||| FLEEEEING.
  5429 | D:7      | 5429 ||| FLEEEEING.
  5430 | D:7      | 5430 ||| FLEEEEING.
  5431 | D:7      | 5431 ||| FLEEEEING.
  5432 | D:7      | 5432 ||| FLEEEEING.
  5433 | D:7      | 5433 ||| FLEEEEING.
  5436 | D:7      | 5436 ||| FLEEEEING.
  5462 | D:7      | Noticed a two-headed ogre
  5463 | D:7      | 5463 ||| INVOKING Heroism.
  5470 | D:7      | Killed a two-headed ogre
  5471 | D:7      | Reached skill level 11 in Ranged Weapons
  5471 | D:7      | Reached XP level 10. HP: 63/63 MP: 10/13
  5773 | D:7      | 5773 ||| UPGRADING to +0 ring mail.
  5783 | D:7      | 5783 ||| DROPPING +0 leather armour.
  5784 | D:7      | 5784 ||| UPGRADING to +0 helmet.
  5789 | D:7      | 5789 ||| DROPPING +6 ring of intelligence.
  5790 | D:7      | 5790 ||| READING scroll labelled LOIBLE UMAWUSM.
  5811 | D:8      | 5811 ||| INVOKING Heroism.
  5812 | D:8      | 5812 ||| STAIRDANCE
  5832 | D:8      | 5832 ||| INVOKING Heroism.
  5833 | D:8      | 5833 ||| STAIRDANCE
  5851 | D:8      | 5851 ||| Stepping ~*~*~tactically~*~*~ (cloud).
  5860 | D:8      | Reached skill level 3 in Armour
  5860 | D:8      | 5860 ||| Stepping ~*~*~tactically~*~*~ (cloud).
  5863 | D:8      | 5863 ||| Stepping ~*~*~tactically~*~*~ (cloud).
  5932 | D:8      | 5932 ||| INVOKING Heroism.
  6088 | D:8      | 6088 ||| SWAPPING to +0 arbalest.
  6089 | D:8      | 6089 ||| DROPPING +0 orcbow.
  6164 | D:8      | 6164 ||| INVOKING Heroism.
  6255 | D:8      | Found the +18 Lear's hauberk
  6298 | D:8      | Noticed a two-headed ogre
  6299 | D:8      | 6299 ||| INVOKING Heroism.
  6303 | D:8      | Killed a two-headed ogre
  6303 | D:8      | Reached **** piety under Okawaru
  6304 | D:8      | Reached skill level 12 in Ranged Weapons
  6455 | D:8      | 6455 ||| Stepping ~*~*~tactically~*~*~ (retreating).
  6768 | D:8      | Found a sacrificial altar of Ru.
  6777 | D:8      | Found a hazy altar of Hepliaklqana.
  7056 | D:8      | 7056 ||| READING 2 scrolls of identify.
  7056 | D:8      | 7056 ||| IDENTIFYING viscous white potion
  7092 | D:9      | Found a stormy altar of Qazlal.
  7107 | D:9      | Noticed a two-headed ogre
  7108 | D:9      | 7108 ||| INVOKING Heroism.
  7109 | D:9      | 7109 ||| RETREEAATING.
  7116 | D:9      | Killed a two-headed ogre
  7152 | D:9      | 7152 ||| RETREEAATING.
  7153 | D:9      | 7153 ||| STILL RETREEAATING.
  7154 | D:9      | 7154 ||| STILL RETREEAATING.
  7155 | D:9      | 7155 ||| STILL RETREEAATING.
  7156 | D:9      | 7156 ||| STILL RETREEAATING.
  7157 | D:9      | 7157 ||| STILL RETREEAATING.
  7158 | D:9      | 7158 ||| RETREEAATING.
  7159 | D:9      | 7159 ||| INVOKING Heroism.
  7191 | D:9      | Reached XP level 11. HP: 68/68 MP: 15/15
  7201 | D:9      | Reached skill level 6 in Invocations
  7401 | D:9      | 7401 ||| READING scroll of enchant armour.
  7401 | D:9      | 7401 ||| ENCHANTING +0 helmet.
  7511 | D:9      | 7511 ||| RETREEAATING.
  7523 | D:9      | Reached ***** piety under Okawaru
  7525 | D:9      | 7525 ||| INVOKING Heroism.
  7687 | D:9      | 7687 ||| DRINKING 2 fuming silvery potions.
  7688 | D:9      | 7688 ||| DROPPING potion of invisibility.
  7729 | D:10     | Entered Level 10 of the Dungeon
  7729 | D:10     | Noticed a two-headed ogre
  7730 | D:10     | 7730 ||| INVOKING Heroism.
  7731 | D:10     | 7731 ||| STAIRDANCE
  7750 | D:10     | Killed a two-headed ogre
  7751 | D:10     | 7751 ||| STAIRDANCE
  7782 | D:10     | Noticed Grum
  7783 | D:10     | 7783 ||| INVOKING Heroism.
  7784 | D:10     | 7784 ||| INVOKING Finesse.
  7806 | D:10     | 7806 ||| INVOKING Heroism.
  7808 | D:10     | Killed Grum
  7851 | D:10     | Found an ancient bone altar of Kikubaaqudgha.
  7868 | D:10     | Reached skill level 13 in Ranged Weapons
  7945 | D:10     | Found a staircase to the Lair.
  7966 | D:10     | 7966 ||| INVOKING Heroism.
  8101 | D:10     | Found a radiant altar of Vehumet.
  8213 | D:10     | 8213 ||| DROPPING amulet of magic regeneration.
  8214 | D:10     | 8214 ||| READING 2 scrolls of identify.
  8214 | D:10     | 8214 ||| IDENTIFYING sedimented ruby potion
  8215 | D:10     | 8215 ||| DROPPING potion of ambrosia.
  8265 | D:9      | 8265 ||| INVOKING Heroism.
  8308 | D:9      | Noticed a tengu warrior
  8309 | D:9      | Noticed a wolf spider
  8310 | D:9      | 8310 ||| RETREEAATING.
  8311 | D:9      | Noticed a deep elf knight
  8311 | D:9      | Noticed a centaur warrior
  8312 | D:9      | 8312 ||| INVOKING Heroism.
  8312 | D:9      | Noticed a cyclops
  8316 | D:9      | Killed a shadow wraith
  8316 | D:9      | HP: 16/69 [wolf spider (5)]
  8317 | D:9      | 8317 ||| READING 9 scrolls of teleportation.
  8318 | D:9      | 8318 ||| DRINKING 3 potions of heal wounds.
  8319 | D:9      | HP: 7/69 [wolf spider (8)]
  8320 | D:9      | 8320 ||| DRINKING 2 potions of heal wounds.
  8383 | D:10     | 8383 ||| RETREEAATING.
  8401 | D:10     | 8401 ||| INVOKING Heroism.
  8405 | D:10     | Reached skill level 9 in Fighting
  8475 | D:9      | 8475 ||| RETREEAATING.
  8475 | D:9      | Noticed a two-headed ogre
  8476 | D:9      | 8476 ||| INVOKING Heroism.
  8488 | D:9      | Killed a two-headed ogre
  8489 | D:9      | Reached skill level 9 in Invocations
  8501 | D:9      | Noticed a manticore
  8504 | D:9      | Killed a manticore
  8550 | D:9      | Noticed a two-headed ogre
  8551 | D:9      | 8551 ||| INVOKING Heroism.
  8558 | D:9      | Killed a two-headed ogre
  8559 | D:9      | Reached XP level 12. HP: 76/76 MP: 17/19
  8582 | D:9      | Killed a centaur warrior
  8588 | D:9      | 8588 ||| INVOKING Heroism.
  8593 | D:9      | HP: 19/76 [deep elf knight/+0 scimitar (13)]
  8594 | D:9      | 8594 ||| READING 8 scrolls of teleportation.
  8596 | D:9      | 8596 ||| DRINKING potion of heal wounds.
  8633 | D:9      | 8633 ||| PLANNING LAIR
  8633 | D:9      | 8633 ||| READING 2 scrolls of identify.
  8633 | D:9      | 8633 ||| IDENTIFYING silvery potion
  8696 | Lair:1   | Entered Level 1 of the Lair of Beasts
  8697 | Lair:1   | 8697 ||| RETREEAATING.
  8698 | Lair:1   | 8698 ||| STILL RETREEAATING.
  8699 | Lair:1   | 8699 ||| Stepping ~*~*~tactically~*~*~ (retreating).
  8700 | Lair:1   | 8700 ||| Stepping ~*~*~tactically~*~*~ (retreating).
  8766 | Lair:1   | 8766 ||| INVOKING Heroism.
  8770 | Lair:1   | Reached skill level 14 in Ranged Weapons
  8843 | Lair:1   | Reached skill level 6 in Armour
  8873 | Lair:1   | Noticed Gastronok
  8874 | Lair:1   | 8874 ||| INVOKING Heroism.
  8887 | Lair:1   | Killed Gastronok
  9028 | Lair:1   | 9028 ||| RETREEAATING.
  9029 | Lair:1   | 9029 ||| INVOKING Heroism.
  9031 | Lair:1   | 9031 ||| STILL RETREEAATING.
  9033 | Lair:1   | 9033 ||| Stepping ~*~*~tactically~*~*~ (retreating).
  9034 | Lair:1   | 9034 ||| Stepping ~*~*~tactically~*~*~ (retreating).
  9035 | Lair:1   | 9035 ||| Stepping ~*~*~tactically~*~*~ (retreating).
  9036 | Lair:1   | 9036 ||| Stepping ~*~*~tactically~*~*~ (retreating).
  9087 | Lair:1   | 9087 ||| Stepping ~*~*~tactically~*~*~ (cloud).
  9089 | Lair:1   | 9089 ||| INVOKING Heroism.
  9247 | Lair:1   | 9247 ||| Stepping ~*~*~tactically~*~*~ (retreating).
  9248 | Lair:1   | 9248 ||| Stepping ~*~*~tactically~*~*~ (retreating).
  9284 | Lair:1   | Noticed a catoblepas
  9285 | Lair:1   | 9285 ||| INVOKING Heroism.
  9286 | Lair:1   | 9286 ||| INVOKING Finesse.
  9296 | Lair:1   | Killed a catoblepas
  9296 | Lair:1   | Received a gift from Okawaru
  9414 | Lair:1   | 9414 ||| RETREEAATING.
  9416 | Lair:1   | 9416 ||| STILL RETREEAATING.
  9417 | Lair:1   | 9417 ||| STILL RETREEAATING.
  9418 | Lair:1   | 9418 ||| STILL RETREEAATING.
  9419 | Lair:1   | 9419 ||| STILL RETREEAATING.
  9420 | Lair:1   | 9420 ||| STILL RETREEAATING.
  9421 | Lair:1   | 9421 ||| STILL RETREEAATING.
  9423 | Lair:1   | 9423 ||| Stepping ~*~*~tactically~*~*~ (retreating).
  9424 | Lair:1   | 9424 ||| Stepping ~*~*~tactically~*~*~ (retreating).
  9425 | Lair:1   | 9425 ||| Stepping ~*~*~tactically~*~*~ (retreating).
  9426 | Lair:1   | 9426 ||| Stepping ~*~*~tactically~*~*~ (retreating).
  9451 | Lair:1   | 9451 ||| INVOKING Heroism.
  9457 | Lair:1   | Reached skill level 15 in Ranged Weapons
  9521 | Lair:1   | 9521 ||| INVOKING Heroism.
  9822 | Lair:1   | 9822 ||| UPGRADING to ring of protection from cold.
  9824 | Lair:1   | 9824 ||| READING scroll labelled ZAQINANYUR.
  9825 | Lair:1   | 9825 ||| DRINKING 2 fizzy black potions.
  9826 | Lair:1   | 9826 ||| DRINKING 2 amethyst potions.
  9827 | Lair:1   | 9827 ||| DROPPING potion of degeneration.
  9915 | Lair:2   | 9915 ||| RETREEAATING.
  9917 | Lair:2   | 9917 ||| RETREEAATING.
  9919 | Lair:2   | 9919 ||| Stepping ~*~*~tactically~*~*~ (retreating).
  9937 | Lair:2   | 9937 ||| Stepping ~*~*~tactically~*~*~ (retreating).
  9944 | Lair:2   | Reached XP level 13. HP: 71/82 MP: 20/20
  9947 | Lair:2   | 9947 ||| INVOKING Heroism.
  9989 | Lair:2   | Found the +8 trident of the Octopus King {venom, rElec
                  | rPois}
 10026 | Lair:2   | Reached skill level 16 in Ranged Weapons
 10031 | Lair:2   | 10031 ||| RETREEAATING.
 10035 | Lair:2   | 10035 ||| Stepping ~*~*~tactically~*~*~ (retreating).
 10040 | Lair:2   | 10040 ||| Stepping ~*~*~tactically~*~*~ (retreating).
 10041 | Lair:2   | 10041 ||| Stepping ~*~*~tactically~*~*~ (retreating).
 10042 | Lair:2   | 10042 ||| Stepping ~*~*~tactically~*~*~ (retreating).
 10043 | Lair:2   | 10043 ||| Stepping ~*~*~tactically~*~*~ (retreating).
 10044 | Lair:2   | 10044 ||| Stepping ~*~*~tactically~*~*~ (retreating).
 10055 | Lair:2   | Received a gift from Okawaru
 10155 | Lair:2   | 10155 ||| RETREEAATING.
 10156 | Lair:2   | 10156 ||| STILL RETREEAATING.
 10157 | Lair:2   | 10157 ||| STILL RETREEAATING.
 10159 | Lair:2   | 10159 ||| STILL RETREEAATING.
 10162 | Lair:2   | 10162 ||| STILL RETREEAATING.
 10163 | Lair:2   | 10163 ||| STILL RETREEAATING.
 10164 | Lair:2   | 10164 ||| STILL RETREEAATING.
 10268 | Lair:2   | 10268 ||| RETREEAATING.
 10269 | Lair:2   | 10269 ||| STILL RETREEAATING.
 10270 | Lair:2   | 10270 ||| Stepping ~*~*~tactically~*~*~ (retreating).
 10271 | Lair:2   | 10271 ||| Stepping ~*~*~tactically~*~*~ (retreating).
 10272 | Lair:2   | 10272 ||| Stepping ~*~*~tactically~*~*~ (retreating).
 10274 | Lair:2   | 10274 ||| Stepping ~*~*~tactically~*~*~ (retreating).
 10275 | Lair:2   | 10275 ||| Stepping ~*~*~tactically~*~*~ (retreating).
 10276 | Lair:2   | 10276 ||| Stepping ~*~*~tactically~*~*~ (retreating).
 10322 | Lair:2   | 10322 ||| RETREEAATING.
 10323 | Lair:2   | 10323 ||| STILL RETREEAATING.
 10358 | Lair:2   | 10358 ||| INVOKING Heroism.
 10505 | Lair:2   | Reached skill level 6 in Dodging
 10547 | Lair:2   | 10547 ||| INVOKING Heroism.
 10607 | Lair:2   | 10607 ||| INVOKING Heroism.
 10655 | Lair:2   | Found a staircase to the Shoals.
 10826 | Lair:2   | 10826 ||| DROPPING +1 pair of gloves.
 10827 | Lair:2   | 10827 ||| READING scroll labelled RUDIEN MIEROKA.
 10827 | Lair:2   | Identified a scroll of acquirement
 10827 | Lair:2   | 10827 ||| ACQUIRING +2 pair of boots of Hubris {-Cast rElec
                  | rPois Will+}
 10827 | Lair:2   | Acquired the +2 pair of boots of Hubris {-Cast rElec rPois
                  | Will+}
 10829 | Lair:2   | 10829 ||| UPGRADING to +2 pair of boots of Hubris {-Cast
                  | rElec rPois Will+}.
 10839 | Lair:2   | 10839 ||| DROPPING +0 pair of boots.
 10840 | Lair:2   | 10840 ||| READING scroll labelled DASUHATZUIXAUL.
 10841 | Lair:2   | 10841 ||| READING scroll labelled CIAPADGH GIPENI.
 10942 | Lair:2   | 10942 ||| READING 2 scrolls of identify.
 10942 | Lair:2   | 10942 ||| IDENTIFYING fuming black potion
 10967 | Lair:3   | 10967 ||| INVOKING Heroism.
 10985 | Lair:3   | 10985 ||| RETREEAATING.
 10988 | Lair:3   | 10988 ||| STILL RETREEAATING.
 10990 | Lair:3   | 10990 ||| STILL RETREEAATING.
 11045 | Lair:3   | 11045 ||| INVOKING Heroism.
 11096 | Lair:3   | 11096 ||| INVOKING Heroism.
 11105 | Lair:3   | 11105 ||| Stepping ~*~*~tactically~*~*~ (retreating).
 11106 | Lair:3   | 11106 ||| Stepping ~*~*~tactically~*~*~ (retreating).
 11107 | Lair:3   | 11107 ||| Stepping ~*~*~tactically~*~*~ (retreating).
 11108 | Lair:3   | 11108 ||| Stepping ~*~*~tactically~*~*~ (retreating).
 11109 | Lair:3   | 11109 ||| Stepping ~*~*~tactically~*~*~ (retreating).
 11110 | Lair:3   | 11110 ||| RETREEAATING.
 11114 | Lair:3   | 11114 ||| INVOKING Heroism.
 11176 | Lair:3   | 11176 ||| RETREEAATING.
 11177 | Lair:3   | 11177 ||| STILL RETREEAATING.
 11178 | Lair:3   | 11178 ||| STILL RETREEAATING.
 11179 | Lair:3   | 11179 ||| STILL RETREEAATING.
 11180 | Lair:3   | 11180 ||| STILL RETREEAATING.
 11181 | Lair:3   | 11181 ||| STILL RETREEAATING.
 11182 | Lair:3   | 11182 ||| STILL RETREEAATING.
 11198 | Lair:3   | 11198 ||| INVOKING Heroism.
 11363 | Lair:3   | Found a hole to the Spider Nest.
 11364 | Lair:3   | 11364 ||| FLEEEEING.
 11379 | Lair:3   | 11379 ||| INVOKING Heroism.
 11402 | Lair:3   | 11402 ||| Stepping ~*~*~tactically~*~*~ (retreating).
 11404 | Lair:3   | 11404 ||| Stepping ~*~*~tactically~*~*~ (retreating).
 11405 | Lair:3   | 11405 ||| Stepping ~*~*~tactically~*~*~ (retreating).
 11430 | Lair:3   | 11430 ||| INVOKING Heroism.
 11453 | Lair:3   | Reached skill level 17 in Ranged Weapons
 11607 | Lair:3   | 11607 ||| DRINKING 3 glowing sapphire potions.
 11608 | Lair:3   | 11608 ||| READING 4 scrolls of identify.
 11608 | Lair:3   | 11608 ||| IDENTIFYING murky orange potion
 11609 | Lair:3   | 11609 ||| DROPPING potion of lignification.
 11628 | Lair:4   | 11628 ||| STAIRDANCE
 11743 | Lair:4   | 11743 ||| RETREEAATING.
 11744 | Lair:4   | 11744 ||| STILL RETREEAATING.
 11748 | Lair:4   | 11748 ||| STILL RETREEAATING.
 11749 | Lair:4   | 11749 ||| STILL RETREEAATING.
 11750 | Lair:4   | 11750 ||| STILL RETREEAATING.
 11751 | Lair:4   | 11751 ||| STILL RETREEAATING.
 11752 | Lair:4   | 11752 ||| Stepping ~*~*~tactically~*~*~ (retreating).
 11756 | Lair:4   | 11756 ||| Stepping ~*~*~tactically~*~*~ (retreating).
 11759 | Lair:4   | 11759 ||| Stepping ~*~*~tactically~*~*~ (retreating).
 11760 | Lair:4   | 11760 ||| Stepping ~*~*~tactically~*~*~ (retreating).
 11761 | Lair:4   | 11761 ||| Stepping ~*~*~tactically~*~*~ (retreating).
 11762 | Lair:4   | 11762 ||| Stepping ~*~*~tactically~*~*~ (retreating).
 11763 | Lair:4   | 11763 ||| Stepping ~*~*~tactically~*~*~ (retreating).
 11764 | Lair:4   | 11764 ||| Stepping ~*~*~tactically~*~*~ (retreating).
 11857 | Lair:4   | 11857 ||| INVOKING Heroism.
 11860 | Lair:4   | 11860 ||| RETREEAATING.
 11863 | Lair:4   | 11863 ||| Stepping ~*~*~tactically~*~*~ (retreating).
 11864 | Lair:4   | 11864 ||| STILL RETREEAATING.
 11865 | Lair:4   | 11865 ||| STILL RETREEAATING.
 11866 | Lair:4   | 11866 ||| STILL RETREEAATING.
 11867 | Lair:4   | 11867 ||| STILL RETREEAATING.
 11868 | Lair:4   | 11868 ||| Stepping ~*~*~tactically~*~*~ (retreating).
 11869 | Lair:4   | 11869 ||| Stepping ~*~*~tactically~*~*~ (retreating).
 11870 | Lair:4   | 11870 ||| Stepping ~*~*~tactically~*~*~ (retreating).
 11873 | Lair:4   | 11873 ||| Stepping ~*~*~tactically~*~*~ (retreating).
 11878 | Lair:4   | 11878 ||| Stepping ~*~*~tactically~*~*~ (retreating).
 11879 | Lair:4   | 11879 ||| Stepping ~*~*~tactically~*~*~ (retreating).
 11880 | Lair:4   | 11880 ||| Stepping ~*~*~tactically~*~*~ (retreating).
 11881 | Lair:4   | 11881 ||| Stepping ~*~*~tactically~*~*~ (retreating).
 11887 | Lair:4   | 11887 ||| INVOKING Heroism.
 11890 | Lair:4   | Gained mutation: Your large and strong wings let you fly.
                  | [Gargoyle growth]
 11890 | Lair:4   | Reached XP level 14. HP: 90/90 MP: 18/21
 12117 | Lair:4   | 12117 ||| READING scroll of enchant weapon.
 12117 | Lair:4   | 12117 ||| ENCHANTING +1 arbalest of freezing.
 12126 | Lair:4   | Found a staircase to the Slime Pits.
 12126 | Lair:4   | Found a viscous altar of Jiyva.
 12356 | Lair:4   | 12356 ||| READING 4 scrolls of identify.
 12356 | Lair:4   | 12356 ||| IDENTIFYING inky potion
 12370 | Lair:5   | Entered Level 5 of the Lair of Beasts
 12437 | Lair:5   | 12437 ||| RETREEAATING.
 12438 | Lair:5   | 12438 ||| STILL RETREEAATING.
 12439 | Lair:5   | 12439 ||| Stepping ~*~*~tactically~*~*~ (retreating).
 12462 | Lair:5   | Reached skill level 18 in Ranged Weapons
 12530 | Lair:5   | 12530 ||| RETREEAATING.
 12532 | Lair:5   | 12532 ||| Stepping ~*~*~tactically~*~*~ (retreating).
 12761 | Lair:5   | Identified the ring "Bady" {Will+ Str+3 Int+6}
 12777 | Lair:5   | Identified the +4 great sword "Tormentor" {venom, rN++}
 12818 | Lair:5   | Identified the +0 pair of gloves of Tivaom {rF- rN+ Will++}
 13000 | Lair:5   | Noticed a dire elephant
 13000 | Lair:5   | Noticed a dire elephant
 13001 | Lair:5   | Noticed a dire elephant
 13004 | Lair:5   | Noticed a dire elephant
 13058 | Lair:5   | 13058 ||| INVOKING Heroism.
 13059 | Lair:5   | 13059 ||| DROPPING ring of willpower.
 13060 | Lair:5   | 13060 ||| UPGRADING to ring "Bady" {Will+ Str+3 Int+6}.
 13084 | Lair:5   | 13084 ||| Stepping ~*~*~tactically~*~*~ (retreating).
 13085 | Lair:5   | 13085 ||| Stepping ~*~*~tactically~*~*~ (retreating).
 13086 | Lair:5   | 13086 ||| Stepping ~*~*~tactically~*~*~ (retreating).
 13087 | Lair:5   | 13087 ||| Stepping ~*~*~tactically~*~*~ (retreating).
 13088 | Lair:5   | 13088 ||| Stepping ~*~*~tactically~*~*~ (retreating).
 13091 | Lair:5   | 13091 ||| Stepping ~*~*~tactically~*~*~ (retreating).
 13092 | Lair:5   | 13092 ||| Stepping ~*~*~tactically~*~*~ (retreating).
 13093 | Lair:5   | 13093 ||| Stepping ~*~*~tactically~*~*~ (retreating).
 13094 | Lair:5   | 13094 ||| Stepping ~*~*~tactically~*~*~ (retreating).
 13096 | Lair:5   | 13096 ||| Stepping ~*~*~tactically~*~*~ (retreating).
 13097 | Lair:5   | 13097 ||| RETREEAATING.
 13148 | Lair:5   | 13148 ||| INVOKING Heroism.
 13148 | Lair:5   | HP: 22/91 [death yak simulacrum (15)]
 13149 | Lair:5   | 13149 ||| READING 10 scrolls of teleportation.
 13150 | Lair:5   | Slain by a death yak simulacrum

Levels and vault maps discovered:
D:1:      ebering_trefoil_twist, layout_loops_cross,
          shapermc_ecumenical_altar_acropolis
D:2:      minmay_door_path, layout_loops_ring, corexii_hall_statues_i,
          st_stairs_10
D:3:      layout_basic, mainiacjoe_overflow_chevrons, roderic_lattice_a,
          grunt_decor_junction
D:4:      kennysheep_kobold_camp, layout_basic, trog_three_pillars_becter,
          serial_shops, nicolae_shop_hallway_stairs, serial_park_tiny_pond
D:5:      layout_rooms, grunt_decor_one_mirror, uniq_menkaure
D:6:      minmay_flawed_box, layout_loops_ring, minmay_temple_entry_arrows
D:7:      minmay_octagon_keep, layout_basic, serial_shops,
          nicolae_shop_just_a_little_nook, nicolae_figureground_sparkle
D:8:      minmay_skewed_foursquare, layout_layer_cave, mainiacjoe_overflow_swirl
D:9:      minmay_klotski, layout_loops_ring, kennysheep_little_box
D:10:     layout_roguey, nicolae_vehumet_altar_sigil,
          mainiacjoe_overflow_concentric_impassable, lair_entry_dummy,
          serial_shops, kennysheep_mini_moat, uniq_grum
Lair:1:   layout_cellular_growth, cheibrodos_lair_reptile_den,
          lemuel_fruit_fields, serial_bayou_shore_b, uniq_gastronok
Lair:2:   layout_regular_city, minmay_shoals_entry_lonely_mermaid
Lair:3:   layout_hall_layers, nicolae_spider_entry_non_spiders,
          wad_woods_river_03, chequers_serial_rivers_small_a
Lair:4:   layout_gridlike, nicolae_slime_entry_slimehenge, nzn_sisyphean_effort,
          serial_bayou_shore_b
Lair:5:   due_jungle_book, layout_loops_ring

Skill      XL: |  1  2  3  4  5  6  7  8  9 10 11 12 13 14 |
---------------+-------------------------------------------+-----
Ranged Weapons | 5 6 7 9 11 12 13 15 17 18 | 18.0
Fighting       | 3 4 5 7 8 9 10 11 | 11.6
Armour         | 2 5 6 7 |  7.0
Dodging        | 2 3 4 5 6 |  6.2
Invocations    | 1 4 5 9 10 | 10.0
Stealth        | |  1.1

Action                     |  1- 3 |  4- 6 |  7- 9 | 10-12 | 13-15 || total
---------------------------+-------+-------+-------+-------+-------++-------
   Fire: Shortbow          |   125 |   160 |   325 |       |       ||   610
         Orcbow            |       |       |    96 |    64 |       ||   160
         Arbalest          |       |       |       |   575 |   509 ||  1084
 Invoke: Heroism           |       |     1 |    10 |    25 |    15 ||    51
         Finesse           |       |       |       |     2 |       ||     2
    Use: Scroll            |     3 |     5 |     5 |     8 |     8 ||    29
         Potion            |     1 |     1 |     2 |     6 |     1 ||    11
 Armour: Leather armour    |    33 |    67 |   108 |       |       ||   208
         Ring mail         |       |       |       |   472 |   219 ||   691
  Dodge: Dodged            |    38 |    69 |   126 |   477 |   281 ||   991

Table legend:
 A = Non-vault XP
 B = Vault XP
 C = Vault XP percentage of total XP
 D = Non-vault monster count
 E = Vault monster count
 F = Vault count percentage of total count
                 A         B        C        D         E       F
            +---------+---------+-------+---------+---------+-------
      Total |   48695 |   13578 |  21.8 |     346 |      96 |  21.7
            +---------+---------+-------+---------+---------+-------
        D:1 |      34 |       0 |   0.0 |      20 |       0 |   0.0
        D:2 |      56 |      10 |  15.2 |      22 |       6 |  21.4
        D:3 |     180 |       0 |   0.0 |      24 |       0 |   0.0
        D:4 |     345 |     135 |  28.1 |      14 |      21 |  60.0
        D:5 |     624 |     172 |  21.6 |      17 |       1 |   5.6
        D:6 |     807 |     213 |  20.9 |      19 |       6 |  24.0
        D:7 |    1947 |     950 |  32.8 |      18 |      12 |  40.0
        D:8 |    1206 |    1223 |  50.3 |      23 |       4 |  14.8
        D:9 |    3985 |    3871 |  49.3 |      28 |      12 |  30.0
       D:10 |    3375 |     651 |  16.2 |      15 |       5 |  25.0
     Lair:1 |    8194 |    2017 |  19.8 |      34 |       8 |  19.0
     Lair:2 |   10228 |     474 |   4.4 |      41 |       1 |   2.4
     Lair:3 |    9049 |     656 |   6.8 |      40 |       8 |  16.7
     Lair:4 |    3763 |     918 |  19.6 |      13 |       6 |  31.6
     Lair:5 |    4902 |    2288 |  31.8 |      18 |       6 |  25.0
            +---------+---------+-------+---------+---------+-------
